 Dungeon Sprint DCSS version 0.29-a0-512-gf59ac788ac (webtiles) character file.

Game seed: 1224485057494803793

36674 mhtbhm the Wrestler (level 13, -2/249 HPs)
             Began as a Troll Transmuter on May 30, 2022.
             Was an Initiate of Gozag.
             Killed by vampiric draining
             ... invoked by a vampire knight
              (12 damage)
             ... in the Dungeon (Sprint IX: "|||||||||||||||||||||||||||||").
             The game lasted 00:11:02 (2845 turns).

mhtbhm the Wrestler (Troll Transmuter)              Turns: 2845, Time: 00:11:02

Health: -2/249     AC: 12    Str: 27    XL:     13   Next: 54%
Magic:  26/26      EV: 13    Int: 13    God:    Gozag
Gold:   3687       SH:  0    Dex: 10    Spells: 22/32 levels left

rFire   x . .      SeeInvis .     - Unarmed
rCold   + + +      Faith    .   (shield currently unavailable)
rNeg    . . .      Spirit   .   (body armour currently unavailable)
rPois   +          Reflect  .   (helmet currently unavailable)
rElec   .          Harm     .   (cloak currently unavailable)
rCorr   .          Rampage  .   (gloves unavailable)
Will    .....      NoTele   +   (boots unavailable)
Stlth   ..........              y - amulet of Vitality {Regen+ HP+15}
HPRegen 2.11/turn               k - +4 ring of protection
MPRegen 0.20/turn               j - +6 ring of strength

@: berserking, ice-form, wereblooded (expiring), hasted, very quick
A: freezing attack, amphibious, boosted hp, large, unfitting armour, (claws 3),
regeneration 1, (shaggy fur 1), (tough skin 1)
a: End Transformation, Renounce Religion, Potion Petition, Call Merchant, Bribe
Branch


You were in the Dungeon.
You worshipped Gozag.
Gozag was most pleased with you.
You were a creature of crystalline ice.
You visited 1 branch You collected 12569 gold pieces.
You spent 3898 gold pieces at shops.
You paid 4984 gold pieces to Gozag.

Inventory:

Hand Weapons
 D - a +2 vorpal broad axe
Missiles
 n - 15 poisoned darts (quivered)
 B - 5 large rocks
Armour
 a - a +0 robe (melded)
 p - the +0 cloak "Viwish" (melded) {Regen+}
   (You found it in the Dungeon)

   Regen:     It increases your rate of health regeneration.
 A - the +1 cloak of Jexilo Sitro {rElec rCorr}
   (You bought it in a shop in the Dungeon)

   rElec:     It insulates you from electricity.
   rCorr:     It protects you from acid and corrosion.
Jewellery
 j - a +6 ring of strength (right front paw)
 k - a +4 ring of protection (left front paw)
 m - a ring of ice
 u - a ring of see invisible
 v - a ring of willpower
 w - a ring of protection from fire
 y - the amulet of Vitality (around neck) {Regen+ HP+15}
   (You bought it in a shop in the Dungeon)

   [amulet of regeneration]

   HP:        It affects your health (+15).
   Regen:     It increases your rate of health regeneration.
Wands
 l - a wand of acid (3)
Scrolls
 i - 2 scrolls of amnesia
 q - 2 scrolls of fear
 r - 2 scrolls of identify
 s - 8 scrolls of enchant weapon
 t - 4 scrolls of enchant armour
 z - a scroll of poison {unknown}
Potions
 b - a potion of lignification
 c - 8 potions of curing
 d - 4 potions of invisibility
 e - 2 potions of haste
 f - 4 potions of magic
 g - 5 potions of heal wounds
 o - a potion of brilliance
 x - 2 potions of berserk rage
Miscellaneous
 C - a condenser vane (inert)


   Skills:
 + Level 7.0 Fighting
 + Level 2.6 Throwing
 + Level 10.6 Dodging
 + Level 3.0 Stealth
 + Level 24.5 Unarmed Combat
 + Level 10.1 Spellcasting
 + Level 11.8 Transmutations
 + Level 6.1 Ice Magic
 + Level 3.7 Evocations


You had 22 spell levels left.
You knew the following spells:

 Your Spells              Type           Power      Damage    Failure   Level
a - Beastly Appendage     Tmut           74%        N/A       1%          1
b - Wereblood             Tmut           37%        N/A       1%          2
c - Spider Form           Tmut/Pois      22%        N/A       3%          3
d - Ice Form              Ice/Tmut       30%        N/A       2%          4

Your spell library contained the following spells:

 Spells                   Type           Power      Damage    Failure   Level
 Inner Flame              Hex/Fire       6%         N/A       32%         3
 Cause Fear               Hex            3%         N/A       73%         4
 Discord                  Hex            3%         N/A       100%        8


Dungeon Overview and Level Annotations

Branches:
Dungeon (1/1)

Altars:
Cheibriados
Dithmenos
Elyvilon
Fedhas
Gozag
Hepliaklqana
Kikubaaqudgha
Makhleb
Nemelex Xobeh
Okawaru
Qazlal
Ru
Sif Muna
Trog
Uskayaw
Vehumet
Wu Jian
Xom
Yredelemnul
Zin
The Shining One
Beogh
Jiyva
Lugonu

Shops:
D [(=!=*[*:


Innate Abilities, Weirdness & Mutations

You are a creature of crystalline ice.
You have a powerful freezing melee attack.
You are amphibious.
Your maximum health is increased.
Your armour is entirely melded.
You are incapable of wielding weapons or throwing items.
You are too large for most types of armour.
((You have claws for hands.))
Your natural rate of healing is unusually fast.
((You are covered in fur. (AC +1)))
((You have tough skin. (AC +1)))


Message History

The vampire knight hits you with a +0 battleaxe!
The vampire knight bites you but does no damage.
The fire dragon bites you.
The fire dragon claws you but does no damage.
The fire dragon tramples you!
* * * LOW HITPOINT WARNING * * *
You hold your ground!
You can move again.
Blink to where?
Press: ? - help, Dir - move target
As you read the scroll of blinking, it crumbles to dust.
You feel yourself speed up.
The vampire knight mumbles some strange words.
The vampire knight flickers and vanishes!
You suddenly lose the ability to move!
Something hits you. Something bites you but does no damage.
Something hits you!! Something bites you.
Something draws strength from your injuries!
Something hits you!!
* * * LOW HITPOINT WARNING * * *
Something bites you but does no damage.
You can move again.
Unknown command.
Unknown command.
Unknown command.
A red film seems to cover your vision as you go berserk!
You feel yourself moving faster!
You feel mighty! Something hits you!!
* * * LOW HITPOINT WARNING * * *
Something bites you but does no damage.
You barely miss something. Something hits you!!
* * * LOW HITPOINT WARNING * * *
Something bites you!
* * * LOW HITPOINT WARNING * * *
Something draws strength from your injuries!
You pummel something!! You freeze something.
Your primal bloodlust is almost over.
You beat something into a bloody pulp!!!
You freeze something. Something draws life force from you!
You die...
Your body crumbles into a pile of gold.

▓▓▓▓▓▓▓▓▓▓▓▓▓▓▓▓▓▓▓▓▓▓▓▓
.CiD{G'.....D.....{.....
▓▓▓▓▓▓▓▓▓▓▓▓▓▓▓▓▓▓▓▓▓▓▓▓▓▓▓▓▓▓▓▓.
................Y{...............
▓▓▓▓▓▓▓▓▓▓▓▓▓▓▓▓▓▓▓▓▓▓▓▓▓▓▓▓▓▓▓▓▓
..)).))'...)∩.[[)'...............
▓▓▓▓▓▓▓▓▓▓▓▓▓▓▓▓▓▓▓▓▓▓▓▓▓▓▓▓▓▓▓▓.
..........∩∩∩....................
▓▓▓▓▓▓▓▓▓▓▓▓▓▓▓▓▓▓▓▓▓▓▓▓▓▓▓▓▓▓▓▓▓
.[[[[[[[[.)))))))).....'.........
▓▓▓▓▓▓▓▓▓▓▓▓▓▓▓▓▓▓▓▓▓▓▓▓▓▓▓▓▓▓▓▓.
......)..........................


There were no monsters in sight!

Vanquished Creatures
  Aizul (D)
  A ghost moth (D)
  A very ugly thing (D)
  A vampire knight (D)
  An eleionoma (D)
  A bunyip (D)
  A spark wasp (D)
  An entropy weaver (D)
  Snorg (D)
  An ettin (D)
  2 boulder beetles (D)
  3 hydras (D)
  A two-headed ogre (D)
  An anaconda (D)
  A merfolk aquamancer (D)
  An alligator (D)
  2 deep troll earth magi (D)
  A naga warrior (D)
  2 naga sharpshooters (D)
  4 orc high priests (D)
  A spriggan berserker (D)
  An orb spider (D)
  2 spriggan druids (D)
  A steelbarb worm (D)
  5 orc knights (D)
  An orc sorcerer (D)
  A will-o-the-wisp (D)
  3 cyclopes (D)
  3 wolf spiders (D)
  A guardian serpent (D)
  A manticore (D)
  Maurice (D)
  A moth of wrath (D)
  A merfolk siren (D)
  3 black mambas (D)
  4 cane toads (D)
  A komodo dragon (D)
  2 tengu conjurers (D)
  6 polar bears (D)
  A tyrant leech (D)
  2 trolls (D)
  3 merfolk (D)
  A wind drake (D)
  A snapping turtle (D)
  A tarantella (D)
  A blink frog (D)
  A vampire (D)
  Eustachio (D)
  2 yaks (D)
  A wyvern (D)
  A basilisk (D)
  A redback (D)
  A naga (D)
  4 water moccasins (D)
  7 orc warriors (D)
  2 black bears (D)
  2 wolves (D)
  An ogre (D)
  2 kobold brigands (D)
  4 bullfrogs (D)
  A scorpion (D)
  11 orc priests (D)
  A gnoll shaman (D)
  A jelly (D)
  4 orc wizards (D)
  A dart slug (D)
  10 orcs (D)
  An endoplasm (D)
  A giant cockroach (D)
  A goblin (D)
  A kobold (D)
  A giant cockroach simulacrum (D)
141 creatures vanquished.

Notes
Turn   | Place    | Note
-------+----------+-------------------------------------------
     0 | D        | mhtbhm the Troll Transmuter began the quest for the Orb.
     0 | D        | Reached XP level 1. HP: 18/18 MP: 1/1
    28 | D        | Reached skill level 4 in Unarmed Combat
    28 | D        | Reached XP level 2. HP: 22/26 MP: 0/3
    59 | D        | Learned a level 2 spell: Wereblood
    64 | D        | Noticed a scorpion
    64 | D        | Noticed an ogre
    73 | D        | Reached skill level 1 in Fighting
    73 | D        | Reached skill level 5 in Unarmed Combat
    73 | D        | Reached XP level 3. HP: 22/33 MP: 0/5
    75 | D        | Reached skill level 6 in Unarmed Combat
    79 | D        | Killed an ogre
    80 | D        | Reached skill level 7 in Unarmed Combat
    80 | D        | Reached XP level 4. HP: 20/41 MP: 1/7
    80 | D        | Reached XP level 5. HP: 24/48 MP: 1/8
    81 | D        | Reached skill level 8 in Unarmed Combat
   132 | D        | Learned a level 3 spell: Spider Form
   137 | D        | Learned a level 4 spell: Ice Form
   137 | D        | Found a snail-covered altar of Cheibriados.
   137 | D        | Found a shadowy altar of Dithmenos.
   137 | D        | Found a white marble altar of Elyvilon.
   137 | D        | Found a blossoming altar of Fedhas.
   137 | D        | Found an opulent altar of Gozag.
   138 | D        | Found a hazy altar of Hepliaklqana.
   139 | D        | Found a viscous altar of Jiyva.
   140 | D        | Found an ancient bone altar of Kikubaaqudgha.
   141 | D        | Found a corrupted altar of Lugonu.
   142 | D        | Found a burning altar of Makhleb.
   143 | D        | Found a sparkling altar of Nemelex Xobeh.
   144 | D        | Found an iron altar of Okawaru.
   145 | D        | Found a stormy altar of Qazlal.
   147 | D        | Became a worshipper of Gozag Ym Sagoz the Greedy
   149 | D        | Found a sacrificial altar of Ru.
   150 | D        | Found a shimmering blue altar of Sif Muna.
   151 | D        | Found a bloodstained altar of Trog.
   152 | D        | Found a hide-covered altar of Uskayaw.
   153 | D        | Found a radiant altar of Vehumet.
   154 | D        | Found an ornate altar of the Wu Jian Council.
   155 | D        | Found a shimmering altar of Xom.
   156 | D        | Found a basalt altar of Yredelemnul.
   157 | D        | Found a glowing silver altar of Zin.
   158 | D        | Found a glowing golden altar of the Shining One.
   194 | D        | Noticed a two-headed ogre
   194 | D        | Noticed a troll
   194 | D        | Noticed a yak
   199 | D        | Reached skill level 9 in Unarmed Combat
   199 | D        | Reached XP level 6. HP: 57/57 MP: 2/10
   203 | D        | Killed a yak
   204 | D        | Reached skill level 10 in Unarmed Combat
   215 | D        | Killed a troll
   216 | D        | Reached skill level 11 in Unarmed Combat
   216 | D        | Reached skill level 5 in Transmutations
   216 | D        | Reached XP level 7. HP: 42/66 MP: 4/12
   220 | D        | Killed a two-headed ogre
   221 | D        | Reached skill level 5 in Dodging
   221 | D        | Reached skill level 13 in Unarmed Combat
   221 | D        | Reached XP level 8. HP: 38/75 MP: 4/14
   292 | D        | Noticed a tengu conjurer
   292 | D        | Noticed a troll
   292 | D        | Noticed a boulder beetle
   292 | D        | Noticed a seven-headed hydra
   292 | D        | Noticed a tengu conjurer
   302 | D        | Killed a tengu conjurer
   303 | D        | Reached skill level 5 in Spellcasting
   303 | D        | Killed a seven-headed hydra
   304 | D        | Reached skill level 14 in Unarmed Combat
   304 | D        | Reached skill level 1 in Ice Magic
   304 | D        | Reached skill level 1 in Evocations
   304 | D        | Reached XP level 9. HP: 30/84 MP: 9/16
   373 | D        | Killed a boulder beetle
   374 | D        | Reached skill level 15 in Unarmed Combat
   376 | D        | Killed a troll
   379 | D        | Killed a tengu conjurer
   538 | D        | Got the +0 cloak "Viwish" {Regen+}
   564 | D        | Noticed a cane toad
   564 | D        | Noticed a cane toad
   572 | D        | Killed a cane toad
   572 | D        | Noticed a cane toad
   574 | D        | Killed a cane toad
   575 | D        | Reached skill level 16 in Unarmed Combat
   575 | D        | Reached XP level 10. HP: 94/94 MP: 12/18
   593 | D        | Killed a cane toad
   653 | D        | Noticed a cane toad
   662 | D        | Killed a cane toad
   677 | D        | Reached skill level 5 in Fighting
   677 | D        | Reached skill level 17 in Unarmed Combat
   689 | D        | Reached skill level 1 in Stealth
   882 | D        | Noticed an orc knight
   902 | D        | Killed an orc knight
   903 | D        | Reached skill level 18 in Unarmed Combat
   903 | D        | Reached XP level 11. HP: 65/104 MP: 16/20
   977 | D        | Noticed an orc knight
   977 | D        | Noticed an orc knight
  1022 | D        | Killed an orc knight
  1067 | D        | Killed an orc knight
  1068 | D        | Reached skill level 1 in Throwing
  1182 | D        | Noticed an orc sorcerer
  1190 | D        | Paralysed by an orc sorcerer for 2 turns
  1194 | D        | Killed an orc sorcerer
  1291 | D        | Found Muod's Distillery.
  1291 | D        | Noticed an orc high priest
  1291 | D        | Noticed an orc high priest
  1296 | D        | Killed an orc high priest
  1296 | D        | Noticed an orc high priest
  1300 | D        | Noticed a sixfirhy
  1304 | D        | Killed an orc high priest
  1305 | D        | Reached skill level 19 in Unarmed Combat
  1305 | D        | Found Mualust's Jewellery Shop.
  1308 | D        | Found Uley's Antique Weapon Boutique.
  1311 | D        | Killed an orc high priest
  1313 | D        | Found Evusaoz's Antique Armour Shop.
  1459 | D        | Noticed an orc high priest
  1465 | D        | Killed an orc high priest
  1520 | D        | Bought a potion of curing for 30 gold pieces
  1520 | D        | Bought 2 potions of invisibility for 160 gold pieces
  1520 | D        | Bought a potion of invisibility for 80 gold pieces
  1532 | D        | Bought a +6 ring of strength for 760 gold pieces
  1595 | D        | Noticed Maurice
  1605 | D        | Killed Maurice
  1691 | D        | Bought the amulet of Vitality {Regen+ HP+15} for 1106 gold
                  | pieces
  1691 | D        | Found the amulet of Vitality {Regen+ HP+15}
  1696 | D        | Noticed a boulder beetle
  1696 | D        | Noticed a wolf spider
  1696 | D        | Noticed an orc knight
  1701 | D        | Noticed an orc knight
  1705 | D        | Noticed a spriggan berserker
  1709 | D        | Killed an orc knight
  1711 | D        | Noticed a deep troll earth mage
  1717 | D        | Killed a wolf spider
  1721 | D        | Killed a boulder beetle
  1722 | D        | Reached skill level 20 in Unarmed Combat
  1722 | D        | Reached skill level 5 in Ice Magic
  1726 | D        | Killed an orc knight
  1727 | D        | Reached XP level 12. HP: 91/113 MP: 20/23
  1727 | D        | Noticed a purple very ugly thing
  1784 | D        | Killed a deep troll earth mage
  1797 | D        | Noticed a spark wasp
  1803 | D        | Noticed a deep troll earth mage
  1804 | D        | Killed a spark wasp
  1805 | D        | Reached skill level 10 in Transmutations
  1809 | D        | Killed a deep troll earth mage
  1815 | D        | Killed a purple very ugly thing
  1911 | D        | Noticed a vampire knight
  1921 | D        | Killed a vampire knight
  1922 | D        | Reached skill level 21 in Unarmed Combat
  1930 | D        | Noticed an ettin
  1935 | D        | Killed an ettin
  2032 | D        | Noticed Aizul
  2050 | D        | Killed Aizul
  2071 | D        | Bought 2 potions of berserk rage for 300 gold pieces
  2071 | D        | Bought a scroll labelled ZIMNUPTACAUW for 30 gold pieces
  2076 | D        | Bought a twisted cloak for 332 gold pieces
  2076 | D        | Identified the +1 cloak of Jexilo Sitro {rElec rCorr} (You
                  | bought it in a shop in the Dungeon)
  2145 | D        | Noticed an anaconda
  2153 | D        | Noticed a naga warrior
  2173 | D        | Killed an anaconda
  2174 | D        | Reached skill level 22 in Unarmed Combat
  2183 | D        | Killed a naga warrior
  2189 | D        | Noticed a merfolk aquamancer
  2197 | D        | Killed a merfolk aquamancer
  2214 | D        | Reached XP level 13. HP: 91/123 MP: 25/25
  2314 | D        | Bought a condenser vane for 880 gold pieces
  2314 | D        | Bought a runed broad axe for 154 gold pieces
  2314 | D        | Bought a potion of curing for 66 gold pieces
  2330 | D        | Noticed an eleionoma
  2330 | D        | Noticed a bunyip
  2337 | D        | Reached skill level 10 in Dodging
  2339 | D        | Killed an eleionoma
  2340 | D        | Reached skill level 23 in Unarmed Combat
  2347 | D        | Killed a bunyip
  2537 | D        | Reached skill level 24 in Unarmed Combat
  2537 | D        | Reached skill level 10 in Spellcasting
  2538 | D        | Killed a ghost moth
  2564 | D        | Noticed an entropy weaver
  2569 | D        | Killed an entropy weaver
  2674 | D        | Noticed Eustachio
  2682 | D        | Killed Eustachio
  2736 | D        | Noticed Snorg
  2746 | D        | Killed Snorg
  2805 | D        | Noticed a fire dragon
  2805 | D        | Noticed a vampire knight
  2805 | D        | Noticed a fire dragon
  2807 | D        | Paralysed by a floating eye for 3 turns
  2807 | D        | Noticed a frost giant
  2836 | D        | Paralysed by something for 5 turns
  2843 | D        | HP: 9/249 [something (11)]
  2845 | D        | Killed from afar by a vampire knight

Illustrated notes

Levels and vault maps discovered:
D:        linesprint [early_d, line_temple, items_1, d_10, items_2, lair_1,
          lair_end, items_3, orc_1, orc_end, items_4, d_15, swamp_1, shoals_1,
          snake_1, spider_1, d_20, vaults_1, items_5, swamp_end, shoals_end,
          snake_end, spider_end, vaults_end, d_27, items_6, zot_1, zot_end,
          crypt_end, forest_end, elf_end, slime_end, tomb_end, abyss_end,
          pan_hell_end]

Skill      XL: |  1  2  3  4  5  6  7  8  9 10 11 12 13 |
---------------+----------------------------------------+-----
Dodging        | 2 3 4 5 6 7 8 9 10 | 10.6
Unarmed Combat | 4 5 7 9 11 13 14 16 18 20 22 24 | 24.5
Fighting       | 1 2 3 4 5 6 7 |  7.0
Spellcasting   | 2 3 4 5 6 7 8 9 10 | 10.1
Transmutations | 2 3 4 5 6 7 8 9 11 | 11.8
Ice Magic      | 1 2 3 5 6 |  6.1
Evocations     | 1 2 3 |  3.7
Stealth        | 1 2 3 |  3.0
Throwing       | 2 |  2.6

Action                   |  1- 3 |  4- 6 |  7- 9 | 10-12 | 13-15 || total
-------------------------+-------+-------+-------+-------+-------++-------
Melee: Unarmed           |    20 |    21 |    31 |   244 |    41 ||   357
       Headbutt          |     5 |       |       |       |       ||     5
       Kick              |     3 |       |       |       |       ||     3
       Punch             |       |       |       |     2 |       ||     2
Throw: Dart              |       |       |       |     8 |       ||     8
 Cast: Wereblood         |     1 |     1 |     3 |    15 |     6 ||    26
       Beastly Appendage |     1 |       |       |     1 |       ||     2
       Ice Form          |       |     1 |     3 |    16 |     5 ||    25
Invok: Call Merchant     |       |       |       |     5 |       ||     5
       Potion Petition   |       |       |       |     1 |       ||     1
Evoke: Wand              |       |     1 |     4 |     6 |     1 ||    12
       Condenser vane    |       |       |       |       |     3 ||     3
  Use: Potion            |     2 |       |     1 |     3 |     2 ||     8
       Scroll            |       |       |     1 |     1 |     1 ||     3
 Stab: Distracted        |       |       |     1 |     2 |       ||     3
Armor: Robe              |     1 |       |       |       |     3 ||     4
       Skin              |       |     7 |     5 |    17 |    26 ||    55
Dodge: Dodged            |     4 |     2 |    26 |    77 |    24 ||   133

Table legend: (Time is in decaauts)
 A = Elapsed time spent in this place.
 B = Non-inter-level travel time spent in this place.
 C = Inter-level travel time spent in this place.
 D = Time resting spent in this place.
 E = Time spent auto-exploring this place.
 F = Levels seen in this place.
 G = Mean time per level.
                   A        B        C        D        E       F      G
               +--------+--------+--------+--------+--------+-----+--------+
         Total |   2693 |   2693 |      0 |    787 |    490 |   1 | 2693.0 |
       Dungeon |   2693 |   2693 |      0 |    787 |    490 |   1 | 2693.0 |
               +--------+--------+--------+--------+--------+-----+--------+

Top non-repeatable levels by time:
       D: 2693 daAuts
